 Dungeon Sprint DCSS version 0.28.0-53-g5a82cb258f (webtiles) character file.

Game seed: 1038368628021382580

272 zekoff the Thrower (level 6, -4/55 HPs)
             Began as a Minotaur Hunter on July 19, 2022.
             Slain by a slime creature (16 damage)
             ... in the Dungeon (Sprint I: "Red Sonja").
             The game lasted 00:03:43 (196 turns).

zekoff the Thrower (Minotaur Hunter)                 Turns: 196, Time: 00:03:45

Health: -4/55      AC:  5    Str: 19    XL:     6   Next: 2%
Magic:  5/5        EV: 12    Int:  8    God:
Gold:   162        SH:  0    Dex: 10    Spells: 5/5 levels left

rFire   . . .      SeeInvis .   a - +0 short sword
rCold   . . .      Faith    .   (no shield)
rNeg    . . .      Spirit   .   g - +0 ring mail
rPois   .          Reflect  .   (helmet restricted)
rElec   .          Harm     .   (no cloak)
rCorr   .          Rampage  .   (no gloves)
Will    .....      NoTele   +   (no boots)
Stlth   +.........              (no amulet)
HPRegen 0.18/turn               (no ring)
MPRegen 0.09/turn               (no ring)

@: no status effects
A: horns 2, retaliatory headbutt
a: no special abilities


You were in the Dungeon.
You visited 1 branch You collected 162 gold pieces.

Inventory:

Hand Weapons
 a - a +0 short sword (weapon)
Missiles
 c - 6 javelins (quivered)
 d - 2 throwing nets
Armour
 b - a +0 leather armour
 g - a +0 ring mail (worn)
 k - a +2 robe of cold resistance
Wands
 f - a wand of flame (28)
Scrolls
 j - a scroll of blinking
Potions
 e - a potion of curing
 h - 2 potions of magic
 i - a potion of berserk rage


   Skills:
 + Level 4.8 Fighting
 + Level 11.7 Throwing
 + Level 2.5 Armour
 + Level 4.7 Dodging
 + Level 0.7 Stealth


You had 5 spell levels left.
You didn't know any spells.
Your spell library was empty.

Dungeon Overview and Level Annotations

Branches:
Dungeon (1/1)

Altars:
Makhleb
Xom
Jiyva
Lugonu


Innate Abilities, Weirdness & Mutations

You have a pair of horns on your head.
You reflexively headbutt those who attack you in melee.


Message History

Things that are here:
a +0 scythe; a +2 robe of cold resistance; the human corpse of Sigmund
k - a +2 robe of cold resistance You open the door.
Found 108 gold pieces.
There is an open door here.
You now have 81 gold pieces (gained 27).
You now have 108 gold pieces (gained 27).
You now have 135 gold pieces (gained 27).
You now have 162 gold pieces (gained 27).
As you open the door, it creaks loudly!
A slime creature comes into view.
Found four altars.
You swing at nothing.
You hit the slime creature.
The slime creature is lightly wounded.
The slime creature hits you.
Press: ? - help, v - describe, . - travel
Here: a slime creature (lightly wounded)
An open door.
Aiming: Throw Flame
Press: ? - help, Shift-Dir - straight line, f - you That beam is likely to hit you.
Continue anyway?
Okay, then.
Aiming: Throw Flame
Press: ? - help, Shift-Dir - straight line, f - slime creature
Aim: a slime creature (lightly wounded, 93% to hit)
The puff of flame hits the slime creature.
The slime creature is lightly wounded.
The slime creature hits you.
You hit the slime creature.
Your headbutt misses the slime creature.
You punch the slime creature, but do no damage.
The slime creature is lightly wounded.
The slime creature hits you!
* * * LOW HITPOINT WARNING * * *
You hit the slime creature but do no damage.
The slime creature is lightly wounded.
The slime creature hits you!
You die...

################ ##
#<.#..').#..'..#__#
#..)..#..)..#.@J..+
#..#####'#####+#__#
#..# #..# ## #..#
#### #..# #⌠⌠# ####


You could see a slime creature.

Vanquished Creatures
  Sigmund (D)
  An ogre (D)
  Ijyb (D)
3 creatures vanquished.

Notes
Turn   | Place    | Note
-------+----------+-------------------------------------------
     0 | D        | zekoff the Minotaur Hunter began the quest for the Orb.
     0 | D        | Reached XP level 1. HP: 18/18 MP: 0/0
     1 | D        | Noticed Ijyb
    17 | D        | Killed Ijyb
    18 | D        | Reached skill level 6 in Throwing
    18 | D        | Reached XP level 2. HP: 15/26 MP: 1/1
    36 | D        | Noticed an ogre
    41 | D        | Killed an ogre
    42 | D        | Reached skill level 9 in Throwing
    42 | D        | Reached skill level 1 in Armour
    42 | D        | Reached XP level 3. HP: 21/33 MP: 2/2
    42 | D        | Reached XP level 4. HP: 26/40 MP: 3/3
   162 | D        | Noticed Sigmund
   175 | D        | Killed Sigmund
   176 | D        | Reached skill level 11 in Throwing
   176 | D        | Reached XP level 5. HP: 23/47 MP: 4/4
   176 | D        | Reached XP level 6. HP: 27/55 MP: 5/5
   191 | D        | Found a burning altar of Makhleb.
   191 | D        | Found a viscous altar of Jiyva.
   191 | D        | Found a shimmering altar of Xom.
   191 | D        | Found a corrupted altar of Lugonu.
   191 | D        | Noticed a slime creature
   196 | D        | Slain by a slime creature

Illustrated notes

Levels and vault maps discovered:
D:        dungeon_sprint_1 [red_sonja_temple_1, red_sonja_temple_small_1]

Skill      XL: |  1  2  3  4 |
---------------+-------------+-----
Fighting       | 3 4 |  4.8
Throwing       | 6 9 11 | 11.7
Armour         | 1 2 |  2.5
Dodging        | 3 4 |  4.7
Stealth        | |  0.7

Action                   |  1- 3 |  4- 6 || total
-------------------------+-------+-------++-------
Melee: Short sword       |    11 |    13 ||    24
       Headbutt          |     3 |     1 ||     4
       Punch             |       |     1 ||     1
Throw: Javelin           |     7 |       ||     7
       Throwing net      |     1 |       ||     1
Evoke: Wand              |       |     1 ||     1
  Use: Potion            |     2 |       ||     2
Armor: Leather armour    |     2 |       ||     2
Dodge: Dodged            |     3 |     2 ||     5
